 Dungeon Crawl Stone Soup version 0.27-a0-1301-g128193abf8 (webtiles) character file.

Game seed: 17663772287140109873

415 Delamore the Poker (level 7, -1/56 HPs)
             Began as a Formicid Fighter on June 16, 2021.
             Slain by an elf zombie (3 damage)
             ... in an ossuary.
             The game lasted 00:04:50 (4111 turns).

Delamore the Poker (Formicid Fighter)               Turns: 4111, Time: 00:04:51

Health: -1/56      AC:  6    Str: 23    XL:     7   Next: 15%
Magic:  7/7        EV:  8    Int:  7    God:
Gold:   76         SH: 10    Dex: 10    Spells: 6/6 levels left

rFire    . . .     SeeInvis +   h - +0 dagger (holy)
rCold    . . .     Faith    .   c - +1 kite shield
rNeg     . . .     Spirit   .   b - +0 scale mail
rPois    .         Reflect  .   (helmet unavailable)
rElec    .         Harm     .   (no cloak)
rCorr    +         Rampage  .   (no gloves)
Will     .....                  (no boots)
Stlth    ..........             (no amulet)
HPRegen  0.18/turn              i - ring of resist corrosion
MPRegen  0.10/turn              m - ring of flight

@: mighty, flying
A: permanent stasis, dig shafts and tunnels, antennae 3, four strong arms
a: Dig


You were in an ossuary.
You visited 1 branch of the dungeon, and saw 4 of its levels.
You also visited: Ossuary.

You collected 76 gold pieces.

Inventory:

Hand Weapons
 a - a +0 trident
 e - a +3 dagger of venom
 h - a +0 dagger of holy wrath (weapon)
Missiles
 g - 44 poisoned darts (quivered)
Armour
 b - a +0 scale mail (worn)
 c - a +1 kite shield (worn)
 f - a +2 leather armour of cold resistance
Jewellery
 i - a ring of resist corrosion (left hand)
 m - a ring of flight (right hand)
Scrolls
 j - a scroll of fear
 l - a scroll of identify
Potions
 k - a potion of degeneration


   Skills:
 - Level 5.0 Fighting
 * Level 6.3 Polearms
 - Level 3.2 Armour
 - Level 3.6 Shields


You had 6 spell levels left.
You didn't know any spells.
Your spell library was empty.

Dungeon Overview and Level Annotations

Branches:
Dungeon (4/15)            Ossuary (1/1)
 Temple: D:4-7

Altars:
Fedhas
Okawaru

Shops:
D:2 (


Innate Abilities, Weirdness & Mutations

You cannot be hasted, slowed, berserked, paralysed or teleported.
You can dig through walls and to a lower floor.
You have a pair of large antennae on your head. (SInv)
Your four strong arms can wield two-handed weapons with a shield.


Message History

The mummy is severely damaged.
You block the mummy's attack.
You hit the mummy but do no damage.
The mummy is severely damaged.
You hit the mummy but do no damage.
The mummy is severely damaged.
The mummy closely misses you.
You hit the mummy but do no damage.
The mummy is severely damaged.
You block the mummy's attack.
You hit the mummy.
The mummy convulses.
The mummy is severely damaged.
The mummy hits you!
* * * LOW HITPOINT WARNING * * *
You hit the mummy but do no damage.
The mummy is severely damaged.
Okay, then.
You hit the mummy but do no damage.
The mummy is severely damaged.
You block the mummy's attack.
You hit the mummy.
The mummy convulses.
The mummy is almost destroyed.
The mummy hits you!
* * * LOW HITPOINT WARNING * * *
You feel very mighty all of a sudden.
You hit the mummy.
You destroy the mummy!
You puncture the human zombie!
The human zombie convulses.
The human zombie is moderately damaged.
The human zombie closely misses you.
You hit the human zombie.
The human zombie convulses.
The human zombie is heavily damaged.
You block the human zombie's attack.
You hit the human zombie.
The human zombie convulses!
The human zombie is almost destroyed.
The human zombie hits you but does no damage.
You hit the human zombie.
The human zombie convulses.
You destroy the human zombie!
The elf zombie hits you.
You die...

######################
#....................#
#....................#
#........8..8.....Z..#
#.................Z..#
#...######..######...#
#...# #..#....#..Z#
#...# #^.# #.#.Z.#
#..{#.####^.####@#.M.#
#...#.........ZZZ#...#
#..{#.####....ZZZ#...#
#...# #....M.Z#.ZZ#
#...# #.......#...#
#...# #.∩.....#...#
#..Z# .....+####.Z.#
#...# ###...# #Z..#
#...# #...# #...#


You could see a mummy, 3 rat zombies, a goblin zombie, 2 orc zombies and an elf
zombie.

Vanquished Creatures
  An ogre (D:4)
  A scorpion (D:4)
  2 centaur zombies (Ossuary)
  A human zombie (Ossuary)
  Jessica (D:3)
  A mummy (Ossuary)
  Robin (D:2)
  3 adders
  2 adder zombies (Ossuary)
  A dart slug (D:2)
  3 orcs
  An endoplasm (D:2)
  2 giant cockroaches
  10 goblins
  10 hobgoblins
  7 jackals
  3 quokkas (D:1)
  8 ball pythons
  2 bats
  4 frilled lizards (D:1)
  A goblin zombie (Ossuary)
  8 hobgoblin zombies (Ossuary)
  8 kobolds
  9 kobold zombies (Ossuary)
  6 orc zombies (Ossuary)
  8 rats
104 creatures vanquished.

Notes
Turn   | Place    | Note
-------+----------+-------------------------------------------
     0 | D:1      | Delamore the Formicid Fighter began the quest for the Orb.
     0 | D:1      | Reached XP level 1. HP: 18/18 MP: 1/1
   116 | D:1      | Reached XP level 2. HP: 7/24 MP: 2/2
   614 | D:1      | Reached XP level 3. HP: 30/30 MP: 3/3
   652 | D:1      | Reached skill level 3 in Polearms
  1165 | D:2      | Found Atwoecif's Antique Weapon Shoppe.
  1849 | D:2      | Reached XP level 4. HP: 37/37 MP: 4/4
  2429 | D:3      | Noticed Robin
  2458 | D:2      | Killed Robin
  2927 | D:3      | Noticed Jessica
  2932 | D:3      | Killed Jessica
  2933 | D:3      | Reached skill level 4 in Polearms
  2933 | D:3      | Reached XP level 5. HP: 40/42 MP: 5/5
  2993 | D:3      | Found an iron altar of Okawaru.
  3100 | D:3      | Noticed a golden eye
  3102 | D:3      | Found a faded altar of an unknown god.
  3241 | D:3      | Noticed a shining eye
  3241 | D:3      | Noticed a floating eye
  3241 | D:3      | Noticed a shining eye
  3522 | D:4      | Noticed an ogre
  3528 | D:4      | Reached XP level 6. HP: 49/49 MP: 6/6
  3543 | D:4      | Killed an ogre
  3544 | D:4      | Reached skill level 5 in Fighting
  3544 | D:4      | Reached skill level 5 in Polearms
  3695 | D:4      | Found a blossoming altar of Fedhas.
  3774 | D:4      | Found a sand-covered staircase.
  3785 | Ossuary  | Entered an ossuary
  4058 | Ossuary  | Reached skill level 6 in Polearms
  4058 | Ossuary  | Reached XP level 7. HP: 27/56 MP: 7/7
  4104 | Ossuary  | HP: 1/56 [mummy (13)]
  4111 | Ossuary  | Slain by an elf zombie

Illustrated notes

Levels and vault maps discovered:
D:1:      scummos_arrival_checkerplants, layout_basic
D:2:      layout_basic, serial_shops, shop
D:3:      layout_rooms, old_standard_altar,
          hellmonk_ecumenical_altar_watching_god, uniq_jessica, uniq_robin
D:4:      layout_basic, lemuel_tele_altar, enter_ossuary_1
Ossuary:  ossuary_tomb_1

Skill      XL: |  1  2  3  4  5  6 |
---------------+-------------------+-----
Polearms       | 3 4 6 |  6.3
Fighting       | 4 5 |  5.0
Armour         | |  3.2
Shields        | |  3.6

Action                   |  1- 3 |  4- 6 |  7- 9 || total
-------------------------+-------+-------+-------++-------
Melee: Trident           |   158 |    10 |       ||   168
       Dagger            |       |   191 |    52 ||   243
Throw: Dart              |       |     7 |       ||     7
 Abil: Dig               |     1 |     2 |       ||     3
  Use: Scroll            |     3 |     5 |       ||     8
       Potion            |       |     1 |     1 ||     2
Armor: Scale mail        |    67 |   121 |     7 ||   195
Dodge: Dodged            |    41 |    78 |    10 ||   129
Block: Kite shield       |    71 |   141 |    20 ||   232

Table legend: (Time is in decaauts)
 A = Elapsed time spent in this place.
 B = Non-inter-level travel time spent in this place.
 C = Inter-level travel time spent in this place.
 D = Time resting spent in this place.
 E = Time spent auto-exploring this place.
 F = Levels seen in this place.
 G = Mean time per level.
                   A        B        C        D        E       F      G
               +--------+--------+--------+--------+--------+-----+--------+
         Total |   4210 |   4070 |    140 |    748 |   2383 |   5 |  842.0 |
       Dungeon |   3857 |   3717 |    140 |    743 |   2330 |   4 |  964.2 |
       Ossuary |    352 |    352 |      0 |      5 |     53 |   1 |  352.0 |
               +--------+--------+--------+--------+--------+-----+--------+

Top non-repeatable levels by time:
     D:2: 1283 daAuts
     D:3: 1037 daAuts
     D:1: 1029 daAuts
     D:4: 508 daAuts
 Ossuary: 352 daAuts
